 Dungeon Crawl Stone Soup version 0.29.0-4-gdea44cf6ec (webtiles) character file.

Game seed: 12875004192583447354

2802 qw the Blocker (level 9, -2/74 HPs)
             Began as a Minotaur Berserker on Sept 9, 2022.
             Was a Priest of Trog.
             Succumbed to a killer bee's poison
             ... on level 7 of the Dungeon.
             The game lasted 00:02:18 (7561 turns).

qw the Blocker (Minotaur Berserker)                 Turns: 7561, Time: 00:02:18

Health: -2/74      AC: 15    Str: 27    XL:     9   Next: 44%
Magic:  8/8        EV:  5    Int: 10    God:    Trog [***...]
Gold:   304        SH: 15    Dex:  9    Spells: 8/8 levels left

rFire   . . .      SeeInvis .   Y - +1 war axe
rCold   . . .      Faith    .   k - +0 tower shield
rNeg    . . .      Spirit   .   c - +1 plate armour
rPois   .          Reflect  .   (helmet restricted)
rElec   .          Harm     .   (no cloak)
rCorr   +          Rampage  +   a - +1 pair of gloves of Courage {Rampage Will- rCorr Slay+5}
Will    .....                   (no boots)
Stlth   ..........              (no amulet)
HPRegen 0.22/turn               h - +6 ring of intelligence
MPRegen 0.11/turn               m - ring of willpower

@: lethally poisoned (-2 -> -11), about to teleport, on berserk cooldown,
slowed, very slow
A: horns 2, retaliatory headbutt
a: Renounce Religion, Berserk, Trog's Hand


You were on level 7 of the Dungeon.
You worshipped Trog.
Trog was most pleased with you.
You visited 1 branch of the dungeon, and saw 7 of its levels.

You collected 304 gold pieces.


Innate Abilities, Weirdness & Mutations

You have a pair of horns on your head.
You reflexively headbutt those who attack you in melee.


   Skills:
 + Level 5.3 Fighting
 - Level 10.0 Axes
 - Level 1.7 Throwing
 - Level 4.0 Armour
 - Level 2.1 Dodging
 - Level 11.1 Shields


You had 8 spell levels left.
You didn't know any spells.
Your spell library was empty.

Inventory:

Hand Weapons
 e - a +0 flail
 Y - a +1 war axe (weapon)
Missiles
 n - 2 boomerangs (quivered)
Armour
 a - the +1 pair of gloves of Courage (worn) {Rampage Will- rCorr Slay+5}
   (You acquired it on level 1 of the Dungeon)

   Slay:      It affects your accuracy & damage with ranged weapons and melee
   (+5).
   rCorr:     It protects you from acid and corrosion.
   Rampage:   It bestows one free step when moving towards enemies.
   Will:      It decreases your willpower.
 c - a +1 plate armour (worn)
 k - a +0 tower shield (worn)
Jewellery
 h - a +6 ring of intelligence (left hand)
 j - a ring of resist corrosion
 l - a +4 ring of evasion
 m - a ring of willpower (right hand)
Scrolls
 f - 4 scrolls of identify
Potions
 b - a potion of mutation
 d - a potion of curing
 g - a potion of degeneration {unknown}
 i - 3 potions of cancellation
 o - a potion of might {unknown}

Dungeon Overview and Level Annotations

Branches:
Dungeon (7/15)
 Temple: D:4-7

Altars:
Kikubaaqudgha
Uskayaw
Vehumet
Yredelemnul

Annotations:
D:6 1 runed translucent door, Crazy Yiuf
D:7 Prince Ribbit


Message History

The bullfrog hits you. The killer bee stings you.
You are more poisoned.
The killer bee poisons you!
The bullfrog hits you but does no damage.
The orc priest invokes the aid of Beogh against you.
You struggle to resist.
The bullfrog hits you.
The killer bee stings you but does no damage.
The bullfrog completely misses you. You furiously retaliate!
You headbutt the bullfrog!
You kill the bullfrog!
Trog accepts your kill.
The orc priest hits you but does no damage.
You block the bullfrog's attack.
Your Shields skill increases to level 11!
You closely miss the bullfrog. You headbutt the bullfrog!
The bullfrog is severely wounded.
You slash the killer bee!
You kill the killer bee!
Trog accepts your kill.
You slash the orc priest!
You feel extremely sick. You block the bullfrog's attack.
The orc priest mumbles some strange prayers to Beogh against you.
Pain shoots through your body! You block the bullfrog's attack.
The orc priest mumbles some strange prayers to Beogh against you.
Beogh smites you!
Prince Ribbit lets out a mournful croak.
7560 ||| READING scroll of teleportation.
As you read the scroll of teleportation, it crumbles to dust.
You feel strangely unstable.
You feel very sick. The bullfrog barely misses you.
You block the bullfrog's attack.
Prince Ribbit blinks!
The orc priest barely misses you. You block the bullfrog's attack.
You closely miss the orc priest.
The orc priest is almost dead.
You slash the bullfrog!
You kill the bullfrog!
Trog accepts your kill.
You die...

.....................#.=......
........##############........
......#..# #........
......##.### #...##### .....
#...###########...# .....
#.............#...#
......##.............
#~~~~~~~........F....
####~....%@)......
#~....))o...ยค..
#~.............
#~.............
#~#####........ ~~~ #...####.
y... ..... #. .~ ......
#..###### .......


You could see Prince Ribbit and an orc priest.

Vanquished Creatures
  Pikel (D:5)
  Sigmund (D:2)
  Eustachio (D:6)
  A water moccasin (D:6)
  2 black bears
  An ice beast (D:5)
  2 ogres (D:5)
  A centaur (D:7)
  3 lemures
  Blork the orc (D:6)
  3 bullfrogs (D:7)
  3 wights
  6 killer bees (D:7)
  A hound (D:7)
  4 jellies
  An orc priest (D:7)
  Natasha (D:2)
  3 iguanas
  8 orc wizards
  Robin (D:2)
  9 adders
  A river rat (D:6)
  2 shadow imps
  An ufetubus (D:4)
  3 worms
  7 dart slugs
  24 orcs
  4 bats
  4 endoplasms
  6 giant cockroaches
  20 goblins
  8 hobgoblins
  5 jackals
  14 kobolds
  6 quokkas
  5 ball pythons
  3 frilled lizards
  5 rats
172 creatures vanquished.

Vanquished Creatures (others)
  2 fungi (D:6)
2 creatures vanquished.

Grand Total: 174 creatures vanquished

Notes
Turn   | Place    | Note
-------+----------+-------------------------------------------
     0 | D:1      | qw the Minotaur Berserker began the quest for the Orb.
     0 | D:1      | Reached XP level 1. HP: 19/19 MP: 0/0
     0 | D:1      | 0 ||| qw: Version: 0.1-a-113-g051387a
     0 | D:1      | 0 ||| qw: Game counter: 7350
     0 | D:1      | 0 ||| qw: Always use a shield: true
     0 | D:1      | 0 ||| qw: Do Orc after D:15 true
     0 | D:1      | 0 ||| qw: Do second Lair branch before Depths: true
     0 | D:1      | 0 ||| qw: Lair rune preference: random
     0 | D:1      | 0 ||| qw: Plans: Normal
     0 | D:1      | 0 ||| PLANNING D:1-11
    29 | D:1      | 29 ||| INVOKING Berserk.
   291 | D:1      | 291 ||| Stepping ~*~*~tactically~*~*~ (hiding).
   299 | D:1      | Reached XP level 2. HP: 26/26 MP: 1/1
   493 | D:1      | 493 ||| Stepping ~*~*~tactically~*~*~ (stealth).
   497 | D:1      | 497 ||| Stepping ~*~*~tactically~*~*~ (stealth).
   836 | D:1      | Found a faded altar of an unknown god.
   985 | D:1      | 985 ||| Stepping ~*~*~tactically~*~*~ (stealth).
  1147 | D:1      | 1147 ||| UPGRADING to +0 plate armour.
  1157 | D:1      | 1157 ||| DROPPING +0 animal skin.
  1158 | D:1      | 1158 ||| READING 4 scrolls labelled KELELA QELUSA.
  1159 | D:1      | 1159 ||| READING 3 scrolls of enchant weapon.
  1159 | D:1      | 1159 ||| ENCHANTING +1 hand axe.
  1160 | D:1      | 1160 ||| READING 2 scrolls of enchant weapon.
  1160 | D:1      | 1160 ||| ENCHANTING +2 hand axe.
  1161 | D:1      | 1161 ||| READING scroll of enchant weapon.
  1161 | D:1      | 1161 ||| ENCHANTING +3 hand axe.
  1162 | D:1      | 1162 ||| READING scroll labelled VYIMUHOFIP.
  1163 | D:1      | 1163 ||| READING 2 scrolls labelled DACITR JESIAD.
  1164 | D:1      | 1164 ||| READING scroll labelled UTAHOE RAFUAK.
  1164 | D:1      | Identified a scroll of acquirement
  1164 | D:1      | 1164 ||| ACQUIRING +1 pair of gloves of Courage {Rampage
                  | Will- rCorr Slay+5}
  1164 | D:1      | Acquired the +1 pair of gloves of Courage {Rampage Will-
                  | rCorr Slay+5}
  1166 | D:1      | 1166 ||| UPGRADING to +1 pair of gloves of Courage {Rampage
                  | Will- rCorr Slay+5}.
  1171 | D:1      | 1171 ||| READING scroll labelled BUM USCHIOH.
  1186 | D:2      | 1186 ||| Stepping ~*~*~tactically~*~*~ (hiding).
  1188 | D:2      | 1188 ||| Stepping ~*~*~tactically~*~*~ (hiding).
  1260 | D:2      | 1260 ||| INVOKING Berserk.
  1263 | D:2      | Reached XP level 3. HP: 31/31 MP: 2/2
  1407 | D:2      | 1407 ||| Stepping ~*~*~tactically~*~*~ (stealth).
  1410 | D:2      | 1410 ||| Stepping ~*~*~tactically~*~*~ (stealth).
  1413 | D:2      | 1413 ||| Stepping ~*~*~tactically~*~*~ (stealth).
  1414 | D:2      | 1414 ||| Stepping ~*~*~tactically~*~*~ (stealth).
  1458 | D:2      | Noticed Robin
  1459 | D:2      | 1459 ||| INVOKING Berserk.
  1464 | D:2      | Killed Robin
  1716 | D:2      | 1716 ||| READING 2 scrolls of identify.
  1716 | D:2      | 1716 ||| IDENTIFYING fuming coppery potion
  1776 | D:2      | 1776 ||| STAIRDANCE
  1882 | D:2      | 1882 ||| Stepping ~*~*~tactically~*~*~ (stealth).
  1889 | D:2      | Reached XP level 4. HP: 38/39 MP: 3/3
  1903 | D:2      | Reached skill level 6 in Axes
  1917 | D:2      | Noticed Sigmund
  1918 | D:2      | 1918 ||| INVOKING Berserk.
  1922 | D:2      | Killed Sigmund
  1923 | D:2      | Reached XP level 5. HP: 45/45 MP: 4/4
  2138 | D:2      | 2138 ||| READING scroll labelled RAEGUS OSHAIT.
  2239 | D:2      | 2239 ||| READING scroll labelled OWIETHR FIENLERPH.
  2263 | D:3      | 2263 ||| Stepping ~*~*~tactically~*~*~ (stealth).
  2270 | D:3      | Reached ** piety under Trog
  2299 | D:3      | 2299 ||| DROPPING +0 club.
  2343 | D:3      | 2343 ||| FLEEEEING.
  2344 | D:3      | 2344 ||| FLEEEEING.
  2348 | D:3      | Reached skill level 3 in Armour
  2451 | D:3      | Reached XP level 6. HP: 51/52 MP: 5/5
  2562 | D:3      | 2562 ||| Stepping ~*~*~tactically~*~*~ (hiding).
  2743 | D:3      | 2743 ||| DROPPING +0 mace.
  3089 | D:3      | Found an ancient bone altar of Kikubaaqudgha.
  3307 | D:3      | Found a basalt altar of Yredelemnul.
  3311 | D:3      | 3311 ||| DROPPING ring of magical power.
  3312 | D:3      | 3312 ||| READING scroll labelled GUSUFE CIFFI.
  3313 | D:3      | 3313 ||| READING scroll labelled ORAEPAASEKH.
  3314 | D:3      | 3314 ||| READING scroll labelled WIMA SAELE.
  3315 | D:3      | 3315 ||| DRINKING 2 smoky cyan potions.
  3316 | D:3      | 3316 ||| READING 3 scrolls of identify.
  3316 | D:3      | 3316 ||| IDENTIFYING fuming blue potion
  3317 | D:3      | 3317 ||| READING 2 scrolls of identify.
  3317 | D:3      | 3317 ||| IDENTIFYING metallic amethyst potion
  3318 | D:3      | 3318 ||| DROPPING potion of ambrosia.
  3319 | D:3      | 3319 ||| DROPPING potion of flight.
  3458 | D:2      | Noticed Natasha
  3460 | D:2      | 3460 ||| INVOKING Berserk.
  3461 | D:2      | Killed Natasha
  3717 | D:4      | 3717 ||| INVOKING Berserk.
  3908 | D:4      | Identified the +8 sling "Sethrixeh" {flame, Contam rPois
                  | rC+++ Stlth+}
  3976 | D:4      | 3976 ||| Stepping ~*~*~tactically~*~*~ (stealth).
  3978 | D:4      | 3978 ||| Stepping ~*~*~tactically~*~*~ (stealth).
  3993 | D:4      | 3993 ||| SWAPPING to +0 war axe.
  3994 | D:4      | 3994 ||| DROPPING +4 hand axe of protection.
  4184 | D:4      | 4184 ||| Stepping ~*~*~tactically~*~*~ (stealth).
  4186 | D:4      | 4186 ||| Stepping ~*~*~tactically~*~*~ (hiding).
  4192 | D:4      | 4192 ||| INVOKING Berserk.
  4195 | D:4      | Reached skill level 9 in Axes
  4299 | D:4      | 4299 ||| Stepping ~*~*~tactically~*~*~ (stealth).
  4304 | D:4      | 4304 ||| Stepping ~*~*~tactically~*~*~ (stealth).
  4306 | D:4      | 4306 ||| Stepping ~*~*~tactically~*~*~ (stealth).
  4308 | D:4      | 4308 ||| Stepping ~*~*~tactically~*~*~ (hiding).
  4312 | D:4      | 4312 ||| INVOKING Berserk.
  4319 | D:4      | Reached XP level 7. HP: 59/59 MP: 6/6
  4474 | D:4      | Reached *** piety under Trog
  4504 | D:4      | 4504 ||| Stepping ~*~*~tactically~*~*~ (hiding).
  4508 | D:4      | 4508 ||| INVOKING Berserk.
  4658 | D:4      | 4658 ||| Stepping ~*~*~tactically~*~*~ (stealth).
  4660 | D:4      | 4660 ||| Stepping ~*~*~tactically~*~*~ (stealth).
  4671 | D:4      | 4671 ||| Stepping ~*~*~tactically~*~*~ (stealth).
  4672 | D:4      | 4672 ||| Stepping ~*~*~tactically~*~*~ (stealth).
  4674 | D:4      | 4674 ||| Stepping ~*~*~tactically~*~*~ (stealth).
  4677 | D:4      | 4677 ||| Stepping ~*~*~tactically~*~*~ (stealth).
  4684 | D:4      | 4684 ||| Stepping ~*~*~tactically~*~*~ (stealth).
  4685 | D:4      | 4685 ||| Stepping ~*~*~tactically~*~*~ (stealth).
  4697 | D:4      | 4697 ||| INVOKING Berserk.
  4927 | D:4      | 4927 ||| READING scroll of enchant armour.
  4927 | D:4      | 4927 ||| ENCHANTING +0 plate armour.
  5111 | D:4      | 5111 ||| UPGRADING to +0 tower shield.
  5116 | D:4      | 5116 ||| UPGRADING to +6 ring of intelligence.
  5117 | D:4      | 5117 ||| READING 2 scrolls labelled LULA NOXKIOLUOQY.
  5118 | D:4      | 5118 ||| DROPPING scroll of fear.
  5139 | D:5      | Entered Level 5 of the Dungeon
  5139 | D:5      | Noticed Pikel
  5140 | D:5      | 5140 ||| STAIRDANCE
  5186 | D:5      | 5186 ||| INVOKING Berserk.
  5190 | D:5      | Killed Pikel
  5191 | D:5      | Reached skill level 6 in Shields
  5191 | D:5      | Reached XP level 8. HP: 68/68 MP: 7/7
  5191 | D:5      | 5191 ||| STAIRDANCE
  5383 | D:5      | 5383 ||| INVOKING Berserk.
  5410 | D:5      | 5410 ||| Stepping ~*~*~tactically~*~*~ (hiding).
  5461 | D:5      | Found a radiant altar of Vehumet.
  5513 | D:5      | 5513 ||| INVOKING Berserk.
  5517 | D:5      | Reached skill level 7 in Shields
  5693 | D:5      | 5693 ||| INVOKING Berserk.
  5699 | D:5      | Reached skill level 8 in Shields
  6048 | D:5      | 6048 ||| UPGRADING to ring of willpower.
  6049 | D:5      | 6049 ||| READING scroll labelled HOUJOI PEFI.
  6050 | D:5      | 6050 ||| DRINKING 2 smoky emerald potions.
  6096 | D:5      | 6096 ||| READING 5 scrolls of identify.
  6096 | D:5      | 6096 ||| IDENTIFYING glowing coppery potion
  6097 | D:5      | 6097 ||| READING 4 scrolls of identify.
  6097 | D:5      | 6097 ||| IDENTIFYING murky inky potion
  6098 | D:5      | 6098 ||| DROPPING potion of lignification.
  6099 | D:5      | 6099 ||| DROPPING potion of brilliance.
  6110 | D:6      | 6110 ||| PLANNING SEWER
  6112 | D:6      | 6112 ||| STAIRDANCE
  6115 | D:5      | Reached skill level 9 in Shields
  6117 | D:6      | 6117 ||| INVOKING Berserk.
  6120 | D:6      | 6120 ||| STAIRDANCE
  6279 | D:6      | 6279 ||| Stepping ~*~*~tactically~*~*~ (hiding).
  6355 | D:6      | 6355 ||| Stepping ~*~*~tactically~*~*~ (stealth).
  6363 | D:6      | Noticed Blork the orc
  6364 | D:6      | 6364 ||| Stepping ~*~*~tactically~*~*~ (hiding).
  6365 | D:6      | 6365 ||| Stepping ~*~*~tactically~*~*~ (hiding).
  6367 | D:6      | 6367 ||| INVOKING Berserk.
  6370 | D:6      | Killed Blork the orc
  6371 | D:6      | Reached skill level 10 in Shields
  6559 | D:6      | Found a runed translucent door.
  6560 | D:6      | Noticed Crazy Yiuf
  6608 | D:6      | Found a glowing drain.
  6615 | D:6      | 6615 ||| READING scroll labelled FAELUF DIERA.
  6616 | D:6      | 6616 ||| Stepping randomly (stuck).
  6617 | D:6      | 6617 ||| Stepping ~*~*~tactically~*~*~ (cloud).
  6627 | D:6      | 6627 ||| FLEEEEING.
  6726 | D:6      | Noticed Eustachio
  6731 | D:6      | 6731 ||| INVOKING Berserk.
  6739 | D:6      | Killed Eustachio
  6740 | D:6      | Reached XP level 9. HP: 74/74 MP: 8/8
  6932 | D:6      | 6932 ||| READING scroll of enchant weapon.
  6932 | D:6      | 6932 ||| ENCHANTING +0 war axe.
  6975 | D:6      | 6975 ||| RIP SEWER
  6975 | D:6      | 6975 ||| PLANNING D:1-11
  7102 | D:7      | 7102 ||| Stepping ~*~*~tactically~*~*~ (stealth).
  7103 | D:7      | 7103 ||| Stepping ~*~*~tactically~*~*~ (stealth).
  7109 | D:7      | 7109 ||| Stepping ~*~*~tactically~*~*~ (stealth).
  7111 | D:7      | 7111 ||| Stepping ~*~*~tactically~*~*~ (stealth).
  7145 | D:7      | Found a hide-covered altar of Uskayaw.
  7159 | D:7      | 7159 ||| Stepping ~*~*~tactically~*~*~ (stealth).
  7160 | D:7      | 7160 ||| Stepping ~*~*~tactically~*~*~ (stealth).
  7164 | D:7      | 7164 ||| Stepping ~*~*~tactically~*~*~ (stealth).
  7255 | D:7      | 7255 ||| INVOKING Berserk.
  7457 | D:7      | 7457 ||| INVOKING Berserk.
  7471 | D:7      | 7471 ||| Stepping ~*~*~tactically~*~*~ (stealth).
  7500 | D:7      | 7500 ||| Stepping ~*~*~tactically~*~*~ (stealth).
  7548 | D:7      | Noticed Prince Ribbit
  7549 | D:7      | 7549 ||| INVOKING Berserk.
  7556 | D:7      | Reached skill level 1 in Throwing
  7559 | D:7      | Reached skill level 11 in Shields
  7559 | D:7      | HP: 14/74 [orc priest/nerve-wracking pain (6)]
  7559 | D:7      | HP: 5/74 [orc priest/divine providence (9)]
  7560 | D:7      | 7560 ||| READING scroll of teleportation.
  7560 | D:7      | HP: 1/74 [poisoned by a killer bee]
  7561 | D:7      | Succumbed to a killer bee's poison

Levels and vault maps discovered:
D:1:      roderic_octagonal_star, layout_basic, chequers_ecumenical_altar_twisty
D:2:      layout_basic, uniq_sigmund, uniq_robin, uniq_natasha
D:3:      layout_loops_corners, kiku_gazebo_garden_becter, marbit_many_paths
D:4:      minmay_recursive_quarters, layout_loops_ring
D:5:      layout_cave_pools, mainiacjoe_overflow_surrounded_room, uniq_pikel
D:6:      layout_loops_ring, kennysheep_mini, portal_sewer_entry_a,
          uniq_eustachio, uniq_blork_the_orc, uniq_crazy_yiuf_cottage
D:7:      layout_basic, mainiacjoe_overflow_24_doors,
          nicolae_overflow_two_pavilions, minmay_temple_entry_offerings,
          pf_guarded_unrand_meek, uniq_menkaure, uniq_prince_ribbit1

Skill      XL: |  1  2  3  4  5  6  7  8  9 |
---------------+----------------------------+-----
Axes           | 4 5 7 9 10 | 10.0
Armour         | 3 4 |  4.0
Fighting       | 4 5 |  5.3
Shields        | 6 10 11 | 11.1
Throwing       | 1 |  1.7
Dodging        | |  2.1

Action                   |  1- 3 |  4- 6 |  7- 9 || total
-------------------------+-------+-------+-------++-------
Melee: Hand axe          |    74 |    63 |       ||   137
       Headbutt          |     8 |     6 |    21 ||    35
       Punch             |     1 |       |       ||     1
       War axe           |       |     9 |   144 ||   153
Throw: Boomerang         |       |       |     1 ||     1
Invok: Berserk           |     3 |     5 |    12 ||    20
  Use: Scroll            |     9 |     7 |     8 ||    24
       Potion            |       |     1 |     1 ||     2
Armor: Animal skin       |     3 |       |       ||     3
       Plate armour      |    15 |    16 |    75 ||   106
Dodge: Dodged            |    26 |    13 |    21 ||    60
Block: Tower shield      |       |       |    85 ||    85

Table legend:
 A = Non-vault XP
 B = Vault XP
 C = Vault XP percentage of total XP
 D = Non-vault monster count
 E = Vault monster count
 F = Vault count percentage of total count
                 A         B        C        D         E       F
            +---------+---------+-------+---------+---------+-------
      Total |    2597 |    1495 |  36.5 |     128 |      41 |  24.3
            +---------+---------+-------+---------+---------+-------
        D:1 |      41 |       0 |   0.0 |      22 |       0 |   0.0
        D:2 |      22 |     305 |  93.3 |      11 |      15 |  57.7
        D:3 |     111 |       3 |   2.6 |      25 |       1 |   3.8
        D:4 |     328 |     149 |  31.2 |      25 |      11 |  30.6
        D:5 |     758 |     651 |  46.2 |      18 |       1 |   5.3
        D:6 |     431 |     334 |  43.7 |       9 |       8 |  47.1
        D:7 |     906 |      53 |   5.5 |      18 |       5 |  21.7
            +---------+---------+-------+---------+---------+-------
